 Dungeon Crawl Stone Soup version 0.19-a0-1732-g0b18a7b (webtiles) character file.

142 Duffy the Shield-Bearer (level 5, 0/45 HPs)
             Began as a Minotaur Fighter on Sept 30, 2016.
             Slain by Edmund
             ... wielding a +1 flail of protection
              (6 damage)
             ... on level 7 of the Dungeon.
             The game lasted 00:01:49 (1283 turns).

Duffy the Shield-Bearer (Minotaur Fighter)          Turns: 1283, Time: 00:01:50

Health: 0/45       AC:  6    Str: 26    XL:     5   Next: 4%
Magic:  4/4        EV:  8    Int:  5    God:
Gold:   97         SH: 10    Dex: 10    Spells: 0 memorised, 4 levels left

rFire  + . .     SeeInvis .     a - +0 flail
rCold  x . .     Gourm    .     b - +0 scale mail
rNeg   . . .     Faith    .     c - +0 shield
rPois  .         Spirit   .     (helmet restricted)
rElec  .         Dismiss  .     (no cloak)
rCorr  .         Reflect  .     (no gloves)
MR     .....     Harm     .     (no boots)
Stlth  ..........               i - amulet of inaccuracy (curse)
                                (no ring)
                                j - ring of fire

@: mighty
A: retaliatory headbutt, horns 2
a: no special abilities


You were on level 7 of the Dungeon.
You were not hungry.

You visited 1 branch of the dungeon, and saw 7 of its levels.

You collected 97 gold pieces.

Inventory:

Hand Weapons
 a - a +0 flail (weapon)
Armour
 b - a +0 scale mail (worn)
 c - a +0 shield (worn)
Jewellery
 i - a cursed amulet of inaccuracy (around neck)
 j - a ring of fire (left hand)
Scrolls
 e - a scroll of remove curse {unknown}
 g - 3 scrolls of identify {unknown}
 h - a scroll of recharging {unknown}
Comestibles
 f - 4 bread rations


   Skills:
 - Level 3.6 Fighting
 + Level 4.6 Maces & Flails
 - Level 3.6 Armour
 + Level 5.6 Shields


You had 4 spell levels left.
You didn't know any spells.

Dungeon Overview and Level Annotations

Branches:
Dungeon (7/15)
 Temple: D:4-7

Altars:
Hepliaklqana
Makhleb
Xom
Zin

Annotations:
D:3 Natasha
D:5 Sigmund
D:6 Blork the orc
D:7 Edmund


Innate Abilities, Weirdness & Mutations

You reflexively headbutt those who attack you in melee.
You have a pair of horns on your head.


Message History

You thump Edmund!
Edmund is heavily wounded.
Edmund barely misses you. You furiously retaliate!
You headbutt Edmund, but do no damage. You hit Edmund but do no damage.
Edmund is heavily wounded.
Edmund hits you but does no damage.
You closely miss Edmund.
Edmund is heavily wounded.
Edmund hits you but does no damage.
You sock Edmund!
Edmund is severely wounded.
You block Edmund's attack.
You miss Edmund.
Edmund is severely wounded.
You block Edmund's attack.
You closely miss Edmund. Your headbutt misses Edmund.
Edmund is severely wounded.
Edmund hits you with a flail of protection.
You die...

###
#@#
#@#
#.#
#.#
#$#
#.#
#..
###


You could see Edmund.

Vanquished Creatures
  A crimson imp (D:5)
  An orc priest (D:4)
  Robin (D:2)
  2 adders (D:2)
  An ooze (D:3)
  2 adder skeletons
  A dart slug (D:1)
  2 orcs
  A ball python (D:2)
  10 goblins
  3 hobgoblins
  3 bats
  4 kobolds
  7 rats
39 creatures vanquished.

Notes
Turn   | Place    | Note
-------+----------+-------------------------------------------
     0 | D:1      | Duffy the Minotaur Fighter began the quest for the Orb.
     0 | D:1      | Reached XP level 1. HP: 19/19 MP: 0/0
    85 | D:1      | Reached skill level 4 in Shields
    92 | D:1      | Reached XP level 2. HP: 9/26 MP: 1/1
   508 | D:2      | Reached skill level 3 in Maces & Flails
   515 | D:3      | Noticed Robin
   521 | D:2      | Killed Robin
   521 | D:2      | Reached XP level 3. HP: 24/31 MP: 2/2
   685 | D:2      | Found a shimmering altar of Xom.
   686 | D:2      | Found a hazy altar of Hepliaklqana.
   686 | D:2      | Noticed a yak
   691 | D:2      | Reached skill level 5 in Shields
   692 | D:2      | Noticed a spectral ugly thing
   692 | D:2      | Noticed a yak
   837 | D:3      | Reached XP level 4. HP: 33/39 MP: 3/3
   946 | D:3      | Noticed Natasha
   952 | D:4      | Found a burning altar of Makhleb.
   955 | D:4      | Found a glowing silver altar of Zin.
   956 | D:4      | Noticed an angel
   956 | D:4      | Noticed a cacodemon
  1024 | D:4      | Reached skill level 4 in Maces & Flails
  1163 | D:5      | Entered Level 5 of the Dungeon
  1171 | D:5      | Reached XP level 5. HP: 45/45 MP: 4/4
  1239 | D:5      | Noticed Sigmund
  1240 | D:5      | Noticed Edmund
  1259 | D:6      | Noticed Blork the orc
  1283 | D:7      | Slain by Edmund

Vault maps used:
D:1:      kennysheep_arrival_seaside
D:2:      regret_index_temple_of_mockery, first_bread, uniq_terence
D:3:      grunt_decor_cap, uniq_robin, uniq_natasha
D:4:      grunt_temple_overflow_order_and_chaos_2
D:5:      nicolae_overflow_hidden_temple, uniq_pikel, uniq_edmund, uniq_sigmund
D:6:      xom_teletrap_fun, uniq_duvessa, uniq_blork_the_orc
D:7:      lemuel_crystal_altar, serial_shops, shop

Skill      XL: |  1  2  3  4 |
---------------+-------------+-----
Shields        | 4 5 |  5.6
Maces & Flails | 3 4 |  4.6
Fighting       | |  3.6
Armour         | |  3.6

Action                   |  1- 3 |  4- 6 || total
-------------------------+-------+-------++-------
Melee: Flail             |    73 |    36 ||   109
       Headbutt          |    11 |     5 ||    16
  Use: Potion            |       |     1 ||     1
  Eat: Chunk             |       |     1 ||     1
Armor: Scale mail        |    39 |    12 ||    51
Dodge: Dodged            |    21 |     6 ||    27
Block: Shield            |    45 |    19 ||    64
